 Dungeon Crawl Stone Soup version 0.29.0-11-gd7f09526c8 (webtiles) character file.

Game seed: 11621584964754914424

52265 sanka the Destroyer (level 13, -1/111 HPs)
             Began as a Demigod Conjurer on Sept 5, 2022.
             Killed from afar by a spark wasp (26 damage)
             ... with a living lightning
             ... on level 1 of the Depths.
             The game lasted 00:51:50 (30315 turns).

sanka the Destroyer (Demigod Conjurer)             Turns: 30315, Time: 00:51:51

Health: -1/111     AC:  8    Str:  8    XL:     13   Next: 93%
Magic:  16/37      EV: 16    Int: 42    God:
Gold:   326        SH:  0    Dex: 15    Spells: 6/26 levels left

rFire   . . .      SeeInvis .   a - staff of conjuration {!a}
rCold   . . .      Faith    .   (no shield)
rNeg    . . .      Spirit   .   z - +0 steam dragon scales
rPois   .          Reflect  .   r - +1 helmet
rElec   .          Harm     .   (no cloak)
rCorr   .          Rampage  .   G - +0 pair of gloves
Will    +....                   (no boots)
Stlth   ++........              A - amulet of regeneration
HPRegen 1.08/turn               Z - ring "Merphus" {MP+9 Int+6 Dex+3}
MPRegen 0.25/turn               K - ring of wizardry

@: no status effects
A: high MP 1, forlorn, divine attributes
a: no special abilities


You were on level 1 of the Depths.
You visited 2 branches of the dungeon, and saw 16 of its levels.
You also visited: Gauntlet.

You collected 1144 gold pieces.
You spent 818 gold pieces at shops.


Innate Abilities, Weirdness & Mutations

You have an increased reservoir of magic. (+10% MP)
You shall have no god before yourself.
Your divine heritage dramatically boosts your attributes as you level up.


   Skills:
 + Level 9.5 Fighting
 - Level 9.0 Dodging
 - Level 1.7 Stealth
 + Level 2.4 Unarmed Combat
 + Level 7.2 Spellcasting
 + Level 13.1 Conjurations
 + Level 11.2 Transmutations
 - Level 6.0 Earth Magic


You had 6 spell levels left.
You knew the following spells:

 Your Spells              Type           Power      Damage    Failure   Level
c - Stone Arrow           Conj/Erth      100%       3d13      1%          3
v - Orb of Destruction    Conj           56%        9d14      3%          7
x - Searing Ray           Conj           100%       2d8       0%          2
z - Magic Dart            Conj           100%       1d8       0%          1
X - Dragon Form           Tmut           41%        N/A       7%          7

Your spell library contained the following spells:

 Spells                   Type           Power      Damage    Failure   Level
 Sandblast                Erth           100%       2d20      1%          1
 Shock                    Conj/Air       100%       1d9       1%          1
 Sting                    Tmut/Pois      100%       1d8       1%          1
 Summon Small Mammal      Summ           60%        N/A       1%          1
 Passwall                 Tmut/Erth      60%        N/A       1%          2
 Poisonous Vapours        Pois/Air       30%        N/A       1%          2
 Dazzling Flash           Conj/Hex       100%       N/A       1%          3
 Fulminant Prism          Conj/Hex       41%        3d20      1%          4
 Iskenderun's Mystic Bla  Conj/Tloc      82%        2d16      1%          4
 Call Canine Familiar     Summ           15%        N/A       2%          3
 Inner Flame              Hex/Fire       15%        N/A       2%          3
 Ozocubu's Armour         Ice            15%        N/A       2%          3
 Summon Guardian Golem    Hex/Summ       15%        N/A       2%          3
 Swiftness                Air            15%        N/A       2%          3
 Airstrike                Air            7%         2d(2-18)  9%          4
 Cause Fear               Hex            7%         N/A       9%          4
 Olgreb's Toxic Radiance  Pois           15%        N/A       9%          4
 Conjure Ball Lightning   Conj/Air       41%        3x3d13    9%          6
 Metabolic Englaciation   Hex/Ice        7%         N/A       22%         5
 Simulacrum               Ice/Necr       7%         N/A       75%         6
 Spellforged Servitor     Conj/Summ      41%        N/A       41%         7
 Discord                  Hex            7%         N/A       100%        8
 Disjunction              Tloc           7%         N/A       100%        8
 Dragon's Call            Summ           7%         N/A       100%        9

Inventory:

Hand Weapons
 b - the +3 woodcutter's axe {vorpal}

   It inflicts extra damage upon your enemies.
 s - a +1 dagger of distortion
 S - the +1 flail of the Saviour {vamp, rC- Int+6 Dex+4 SInv}

   It occasionally heals its wielder for a portion of the damage dealt when it
   wounds a living foe.
   Int:       It affects your intelligence (+6).
   Dex:       It affects your dexterity (+4).
   rC:        It makes you vulnerable to cold.
   SInv:      It lets you see invisible.
Missiles
 M - a throwing net {=f}
 O - 5 curare-tipped darts {=f}
Armour
 r - a +1 helmet (worn)
 z - +0 steam dragon scales (worn)
 G - a +0 pair of gloves (worn)
 U - a +1 buckler of resistance
Magical Staves
 a - a staff of conjuration (weapon) {!a}
Jewellery
 A - an amulet of regeneration (around neck)
 F - a ring of positive energy
 H - the ring of Fixation {rN+ Dex+2}

   [ring of positive energy]

   Dex:       It affects your dexterity (+2).
   rN:        It protects you from negative energy.
 J - a ring of flight
 K - a ring of wizardry (right hand)
 Q - a +4 ring of slaying
 T - a ring of protection from fire
 V - an amulet of the acrobat
 X - a ring of ice
 Z - the ring "Merphus" (left hand) {MP+9 Int+6 Dex+3}

   [ring of intelligence]

   Int:       It affects your intelligence (+6).
   Dex:       It affects your dexterity (+3).
   MP:        It affects your magic capacity (+9).
Wands
 d - a wand of charming (6)
 v - a wand of roots (22)
 y - a wand of mindburst (12)
 N - a wand of polymorph (8)
Scrolls
 e - 3 scrolls of summoning
 f - 3 scrolls of fear
 g - 3 scrolls of vulnerability {!r}
 h - 2 scrolls of butterflies
 j - 8 scrolls of magic mapping
 k - 5 scrolls of poison {!r}
 m - 2 scrolls of enchant weapon
 n - a scroll of torment {!r}
 q - 7 scrolls of teleportation {@r4}
 u - 4 scrolls of enchant armour
 C - 4 scrolls of blinking
 I - 2 scrolls of noise {!r}
 L - a scroll of immolation {!r}
Potions
 c - 3 potions of flight {unknown}
 i - 6 potions of curing {unknown}
 l - 2 potions of degeneration {unknown}
 o - 3 potions of haste {unknown}
 p - 9 potions of mutation {!q}
 t - 2 potions of cancellation {unknown}
 w - 2 potions of magic
 x - 2 potions of resistance {unknown}
 B - a potion of berserk rage {unknown}
 D - 3 potions of invisibility {unknown}
 E - 3 potions of attraction {unknown}
 P - 2 potions of heal wounds {@q2}
 R - 3 potions of brilliance {unknown}
 Y - a potion of might {unknown}
Miscellaneous
 W - a phantom mirror

Dungeon Overview and Level Annotations

Branches:
Dungeon (15/15)            Temple (0/1) D:6            Lair (0/5) D:9
    Orc (0/2) D:12         Vaults (0/5) D:14         Depths (1/4) D:15
Gauntlet (visited)

Shops:
D:9

= ▒.C..y...▒.▒ .▒
▒........▒. .▒
▒...C....' .▒
▒.....y..▒.▒▒▒▒▒.▒▒▒
▒........▒.........▒
▒........▒▒▒▒.▒....+
+........▒ ▒ ▒.▒▒.▒
▒........▒ ▒.▒ ▒
▒......p.▒ ▒▒[▒
▒......y.▒ ▒▒..▒▒▒▒▒▒
▒▒▒........▒▒▒▒........▒
▒............'...⌠...<.▒
▒............▒▒.....)..▒
▒............▒▒▒..▒▒▒▒▒▒
▒..........^.+ ▒▒.▒▒.▒
▒............▒
▒.▒..▒..▒▒
+............▒
▒.........


You could see a stone giant and 2 spark wasps.


Message History

You hear an angry buzzing noise.
There is an open door, spattered with blood here.
A spark wasp comes into view.
The spark wasp moves out of view.
A stone giant comes into view.
The spark wasp buzzes angrily.
A spark wasp comes into view.
The spark wasp bursts into living lightning!
The living lightning misses you.
The spark wasp blinks!
The wavering orb of destruction weakly hits the spark wasp!!
The spark wasp is moderately wounded.
The spark wasp stings you! The spark wasp shocks you!
The spark wasp stings you! The spark wasp shocks you!
The wavering orb of destruction weakly hits the spark wasp!!
The spark wasp is heavily wounded.
The spark wasp buzzes angrily.
The stone giant shouts!
The spark wasp stings you!!
* * * LOW HITPOINT WARNING * * *
The spark wasp shocks you!
* * * LOW HITPOINT WARNING * * *
The wavering orb of destruction weakly hits the spark wasp!!
The spark wasp is almost dead.
The spark wasp misses you.
The spark wasp bursts into living lightning!
The living lightning hits you!!
You die...

Action                   |  1- 3 |  4- 6 |  7- 9 | 10-12 | 13-15 || total
-------------------------+-------+-------+-------+-------+-------++-------
Melee: Unarmed           |    11 |       |       |       |    25 ||    36
       Mace              |     6 |       |       |       |       ||     6
       Battleaxe         |       |    23 |    97 |   122 |     8 ||   250
       Bite              |       |       |       |       |     5 ||     5
       Tailslap          |       |       |       |       |     3 ||     3
       Punch             |       |       |       |       |     2 ||     2
 Cast: Magic Dart        |   105 |    88 |    32 |     1 |       ||   226
       Searing Ray       |     3 |     7 |     4 |       |       ||    14
       Stone Arrow       |       |     2 |    87 |   191 |    13 ||   293
       Orb of Destructio |       |       |       |    52 |    90 ||   142
       Dragon Form       |       |       |       |       |     7 ||     7
 Abil: Breathe Fire      |       |       |       |       |     1 ||     1
Evoke: Wand              |       |       |    14 |     8 |       ||    22
  Use: Scroll            |       |       |    10 |     6 |     2 ||    18
       Potion            |       |       |     1 |       |     1 ||     2
 Stab: Sleeping          |       |     1 |       |       |     1 ||     2
Armor: Robe              |     7 |     4 |    10 |       |       ||    21
       Steam dragon scal |       |       |     7 |    37 |     6 ||    50
       Skin              |       |       |       |       |     6 ||     6
Dodge: Dodged            |    26 |    17 |    83 |   145 |    28 ||   299

Levels and vault maps discovered:
D:1:      saegor_arrival_simple_b, layout_basic, basic_ecumenical_altar,
          minmay_tromino_v4_b
D:2:      layout_rooms, uniq_robin
D:3:      layout_rooms, hellmonk_ghost_happy_afterlife, serial_co_window_serial,
          co_window_paths_a, co_window_paths_b, co_window_paths_b,
          co_window_of_opportunity_a, co_window_corner_a,
          co_window_of_opportunity_a, co_window_cross_1, co_window_paths_a,
          co_window_of_opportunity_a, co_window_of_opportunity_b,
          co_window_unsneaky_path_c, co_window_2corner,
          co_window_unsneaky_path_a, glass_columns_c, glass_columns_a,
          glass_columns_c, glass_columns_c, glass_columns_a
D:4:      layout_loops_ring, kennysheep_little_box, serial_forest,
          infiniplex_forest_lined_4_way, infiniplex_forest_pool,
          infiniplex_forest_split, infiniplex_forest_lined_3_way,
          infiniplex_forest_clump_small, infiniplex_forest_split,
          infiniplex_forest_clump_double, chequers_big_river, uniq_natasha
D:5:      layout_rooms, skrybe_limestone_x
D:6:      layout_basic, minmay_temple_entry_mini_moons, ebering_ghost_xom
D:7:      layout_rooms, grunt_temple_overflow_open, st_stairs_7, minivault_24,
          hangedman_minor_gate_pass
D:8:      layout_basic, kiku_gazebo_pond_becter, serial_corexii_hall,
          corexii_hall_statues_x, corexii_hall_statues_i,
          chequers_hall_statues_wall_a, special_room [special_room_orc],
          uniq_maggie
D:9:      layout_long_grid, nzn_hepliaklqana_mist_gate, marbit_many_paths,
          david_lair_shrubbed, serial_shops, shop, hangedman_fish_farm
D:10:     layout_rooms, dk_xom_monty_hall, mainiacjoe_overflow_divided_tiny,
          uniq_sonja
D:11:     layout_roguey
D:12:     layout_layer_cave, erik_orc_3, gauntlet_entry_generic,
          dancing_weapons_uskayaw
D:13:     layout_layer_cave, gammafunk_ghost_nasty_kobolds,
          minmay_checkered_concentric_circles
D:14:     layout_basic, erik_vaults_2, infiniplex_staircase_zigzag_2
D:15:     grunt_enter_depths_giant_problem, layout_loops_ring,
          minmay_misc_feat_plants, uniq_louise
Depths:1: layout_gridlike, hangedman_decor_peaks_small, hell_entry,
          corexii_leaking_fountain, grunt_ministairs_14,
          nicolae_gozag_cash_rules_everything_around_me

Notes
Turn   | Place    | Note
-------+----------+-------------------------------------------
     0 | D:1      | sanka the Demigod Conjurer began the quest for the Orb.
     0 | D:1      | Reached XP level 1. HP: 14/14 MP: 5/5
   215 | D:1      | Reached skill level 2 in Spellcasting
   516 | D:1      | Reached skill level 4 in Conjurations
   516 | D:1      | Reached XP level 2. HP: 20/20 MP: 4/7
  1439 | D:2      | Reached XP level 3. HP: 26/26 MP: 2/8
  1637 | D:2      | Learned a level 2 spell: Searing Ray
  1641 | D:2      | Learned a level 3 spell: Stone Arrow
  2052 | D:2      | Noticed Robin
  2058 | D:2      | Killed Robin
  2160 | D:2      | Reached skill level 1 in Earth Magic
  2801 | D:3      | Found the +3 woodcutter's axe {vorpal}
  2852 | D:3      | Reached XP level 4. HP: 33/33 MP: 6/9
  3040 | D:3      | Noticed Zgarb's ghost (amateur KoIE)
  3047 | D:3      | Found a runed translucent door.
  3794 | D:4      | Reached skill level 5 in Conjurations
  3795 | D:4      | HP: 2/33 [gnoll/+0 spear (7)]
  4185 | D:4      | Reached skill level 2 in Earth Magic
  4815 | D:4      | Noticed Natasha
  4820 | D:4      | Killed Natasha
  4821 | D:4      | Reached XP level 5. HP: 38/38 MP: 6/10
  4830 | D:4      | Noticed Natasha
  4839 | D:4      | Killed Natasha
  5199 | D:4      | Reached skill level 3 in Earth Magic
  5295 | D:4      | Noticed Natasha
  5298 | D:4      | Killed Natasha
  5649 | D:5      | Entered Level 5 of the Dungeon
  5797 | D:5      | Reached XP level 6. HP: 45/45 MP: 9/11
  6078 | D:5      | Reached skill level 6 in Conjurations
  6272 | D:5      | Reached skill level 4 in Earth Magic
  6570 | D:6      | Reached XP level 7. HP: 35/50 MP: 0/13
  6815 | D:6      | Found a staircase to the Ecumenical Temple.
  7056 | D:6      | Reached skill level 7 in Conjurations
  7056 | D:6      | Reached skill level 5 in Earth Magic
  7943 | D:6      | Found a runed translucent door.
  7946 | D:6      | Noticed diceflayer's ghost (novice DsFi)
  7948 | D:6      | Noticed a +4 flail of chaos
  8281 | D:6      | Reached XP level 8. HP: 31/58 MP: 1/14
  8422 | D:7      | Reached skill level 2 in Dodging
  8500 | D:7      | Noticed a komodo dragon
  8567 | D:7      | Identified the ring of Fixation {rN+ Dex+2}
  8600 | D:7      | Reached skill level 1 in Fighting
  8742 | D:7      | Killed a komodo dragon
  8743 | D:7      | Reached skill level 2 in Fighting
  8743 | D:7      | Reached skill level 6 in Earth Magic
  8753 | D:7      | Reached skill level 3 in Fighting
  8753 | D:7      | Reached skill level 8 in Conjurations
  8879 | D:7      | Reached skill level 4 in Fighting
  8947 | D:7      | Noticed a slime creature
  8952 | D:7      | Killed a slime creature
  9164 | D:7      | Noticed a boulder beetle
  9166 | D:7      | Reached skill level 5 in Fighting
  9174 | D:7      | HP: 4/68 [boulder beetle (28)]
  9556 | D:7      | Reached skill level 6 in Fighting
  9558 | D:7      | Reached XP level 9. HP: 40/75 MP: 1/15
  9823 | D:7      | Killed a boulder beetle
  9824 | D:7      | Reached skill level 7 in Fighting
  9847 | D:7      | Reached skill level 8 in Fighting
 10264 | D:7      | Identified +0 steam dragon scales
 10935 | D:8      | Reached skill level 3 in Dodging
 11172 | D:8      | Identified +0 steam dragon scales
 11172 | D:8      | Noticed Maggie
 11178 | D:8      | Killed Maggie
 11316 | D:8      | Reached skill level 9 in Fighting
 11710 | D:8      | Reached skill level 4 in Dodging
 12327 | D:8      | Reached XP level 10. HP: 83/91 MP: 2/16
 12808 | D:8      | Reached skill level 5 in Dodging
 13230 | D:9      | Reached skill level 6 in Dodging
 13787 | D:9      | Reached skill level 7 in Dodging
 13974 | D:9      | Found Vudwiecs's Jewellery Boutique.
 14332 | D:9      | Found a staircase to the Lair.
 14580 | D:9      | Learned a level 7 spell: Orb of Destruction
 14615 | D:10     | Entered Level 10 of the Dungeon
 14645 | D:10     | Noticed Sonja
 14657 | D:10     | Killed Sonja
 14658 | D:10     | Reached skill level 8 in Dodging
 15198 | D:10     | Noticed a two-headed ogre
 15206 | D:10     | Killed a two-headed ogre
 15207 | D:10     | Reached skill level 9 in Dodging
 15841 | D:11     | Noticed a five-headed hydra
 15913 | D:11     | Noticed a manticore
 15924 | D:11     | Killed a manticore
 16103 | D:11     | Reached XP level 11. HP: 97/97 MP: 11/18
 16224 | D:11     | Reached skill level 3 in Spellcasting
 16684 | D:11     | Reached skill level 9 in Conjurations
 16712 | D:11     | Killed a five-headed hydra
 17331 | D:11     | Noticed a five-headed hydra
 17339 | D:11     | Killed a five-headed hydra
 17340 | D:11     | Reached skill level 4 in Spellcasting
 17467 | D:12     | Reached skill level 10 in Conjurations
 17526 | D:12     | Noticed a +0 dagger
 17527 | D:12     | Noticed a +0 dagger
 17534 | D:12     | Noticed a deep elf pyromancer
 17543 | D:12     | Killed a deep elf pyromancer
 17547 | D:12     | Noticed a boulder beetle
 17553 | D:12     | Killed a boulder beetle
 17825 | D:12     | Found a gate leading to a gauntlet.
 17833 | Gauntlet | Entered a Gauntlet
 17833 | Gauntlet | Found a transporter.
 17860 | Gauntlet | Found a transporter.
 17860 | Gauntlet | Found a transporter.
 17870 | Gauntlet | Found a transporter.
 17873 | Gauntlet | Found a transporter.
 17878 | Gauntlet | Noticed a wizard
 17878 | Gauntlet | Noticed a wizard
 17881 | Gauntlet | Found a transporter.
 17896 | Gauntlet | Found a transporter.
 17898 | Gauntlet | Noticed a great orb of eyes
 17900 | Gauntlet | Found a runed translucent door.
 17909 | Gauntlet | Found a transporter.
 17916 | Gauntlet | Noticed a wizard
 17921 | Gauntlet | Noticed a wizard
 17923 | Gauntlet | Found a transporter.
 17935 | Gauntlet | Found a transporter.
 17949 | Gauntlet | Found a transporter.
 17951 | Gauntlet | Found a transporter.
 17995 | Gauntlet | Found a transporter.
 18017 | Gauntlet | Found a transporter.
 18120 | Gauntlet | Reached skill level 5 in Spellcasting
 18444 | Gauntlet | Reached skill level 11 in Conjurations
 18680 | Gauntlet | Identified the +1 flail of the Saviour {vamp, rC- Int+6
                  | Dex+4 SInv}
 18705 | Gauntlet | Killed a wizard
 18720 | Gauntlet | Killed a wizard
 18894 | Gauntlet | Identified the +2 shortbow "Puen" {vorpal, Int+3}
 18894 | Gauntlet | Noticed a minotaur
 18916 | Gauntlet | Killed a minotaur
 19456 | D:12     | Noticed a deep elf pyromancer
 19460 | D:12     | Killed a deep elf pyromancer
 19461 | D:12     | Reached skill level 12 in Conjurations
 19594 | D:12     | Reached XP level 12. HP: 104/104 MP: 15/23
 20355 | D:9      | Bought the ring "Merphus" {MP+9 Int+6 Dex+3} for 818 gold
                  | pieces
 20404 | D:9      | Learned a level 7 spell: Dragon Form
 20647 | D:12     | Found a staircase to the Orcish Mines.
 21239 | D:13     | Reached skill level 1 in Transmutations
 21356 | D:13     | Found a runed translucent gate.
 21357 | D:13     | Found a runed translucent gate.
 21358 | D:13     | Found a runed translucent gate.
 21360 | D:13     | Noticed Deukiw's ghost (journeyman SpEn)
 21630 | D:13     | Noticed a boulder beetle
 21651 | D:13     | Reached skill level 13 in Conjurations
 21654 | D:13     | Killed a boulder beetle
 21655 | D:13     | Reached skill level 2 in Transmutations
 21948 | D:13     | Reached skill level 3 in Transmutations
 22024 | D:13     | Noticed a two-headed ogre
 22034 | D:13     | Killed a two-headed ogre
 22087 | D:13     | Noticed an ogre mage
 22093 | D:13     | Killed an ogre mage
 22093 | D:13     | Noticed a two-headed ogre
 22111 | D:13     | Noticed a two-headed ogre
 22114 | D:13     | Killed a two-headed ogre
 22115 | D:13     | Reached skill level 4 in Transmutations
 22542 | D:13     | Killed a two-headed ogre
 22739 | D:13     | Noticed a crystal guardian
 22747 | D:13     | Reached skill level 6 in Spellcasting
 22766 | D:13     | Reached skill level 5 in Transmutations
 22870 | D:13     | Killed a crystal guardian
 22967 | D:13     | Noticed a sphinx
 22979 | D:13     | Killed a sphinx
 23449 | D:14     | Noticed a five-headed hydra
 23451 | D:14     | Killed a five-headed hydra
 23631 | D:14     | Noticed a boulder beetle
 23646 | D:14     | Killed a boulder beetle
 23647 | D:14     | Reached skill level 7 in Spellcasting
 23647 | D:14     | Reached skill level 6 in Transmutations
 23900 | D:14     | Noticed a vault guard
 23900 | D:14     | Noticed a vault guard
 23900 | D:14     | Noticed a vault guard
 23911 | D:14     | Killed a vault guard
 23918 | D:14     | Killed a vault guard
 23919 | D:14     | Reached XP level 13. HP: 111/111 MP: 16/27
 24196 | D:14     | Reached skill level 7 in Transmutations
 24682 | D:14     | Reached skill level 8 in Transmutations
 24765 | D:14     | Found a gate to the Vaults.
 25518 | D:15     | Entered Level 15 of the Dungeon
 25562 | D:15     | Noticed Louise
 25763 | D:15     | Killed Louise
 25764 | D:15     | Reached skill level 9 in Transmutations
 26099 | D:15     | Found a staircase to the Depths.
 26099 | D:15     | Noticed a fire giant
 26105 | D:15     | Killed a fire giant
 26283 | D:15     | Identified the +0 plate armour of the Trees {Regen+ Stlth+}
 26352 | D:15     | Reached skill level 10 in Transmutations
 26906 | D:15     | Reached skill level 11 in Transmutations
 26926 | D:15     | Reached skill level 1 in Unarmed Combat
 27236 | Depths:1 | Entered Level 1 of the Depths
 27646 | D:3      | Killed Zgarb's ghost
 27813 | D:6      | HP: 10/108 [poisoned by a +4 flail of chaos]
 27818 | D:6      | HP: 9/108 [poisoned by a +4 flail of chaos]
 27974 | D:6      | Killed diceflayer's ghost
 28486 | D:13     | Killed Deukiw's ghost
 28487 | D:13     | Reached skill level 2 in Unarmed Combat
 28911 | D:13     | Identified a +1 buckler of resistance
 30310 | Depths:1 | Noticed a spark wasp
 30311 | Depths:1 | Noticed a stone giant
 30311 | Depths:1 | Noticed a spark wasp
 30315 | Depths:1 | Killed from afar by a spark wasp

Vanquished Creatures
  A sphinx (D:13)
  A fire giant (D:15)
  Louise (D:15)
  A minotaur (Gauntlet)
  The ghost of Deukiw the Imperceptible, a journeyman SpEn of Gozag (D:13)
  An ettin (Depths:1)
  A crystal guardian (D:13)
  A fire dragon (Depths:1)
  A boulder beetle (shapeshifter) (D:14)
  3 hydras
  5 boulder beetles
  7 vault guards (D:14)
  2 centaur warriors
  2 ogre magi
  9 two-headed ogres
  A dancing weapon (D:6)
  2 tengu warriors (D:13)
  Sonja (D:10)
  A deep troll (Depths:1)
  2 wizards (Gauntlet)
  A harpy (shapeshifter) (D:14)
  2 deep elf pyromancers (D:12)
  The ghost of diceflayer the Fighter, a novice DsFi (D:6)
  2 ugly things
  An oklob plant (Gauntlet)
  A wolf spider (D:13)
  3 cyclopes
  7 manticores
  An elephant (shapeshifter) (Depths:1)
  A minotaur zombie (Gauntlet)
  2 gargoyles (D:12)
  3 kobold demonologists (D:13)
  A torpor snail (Gauntlet)
  Maggie (D:8)
  2 freezing wraiths
  4 komodo dragons
  A tengu conjurer (Depths:1)
  4 meliai
  A merfolk (D:9)
  10 slime creatures
  4 trolls
  The ghost of Zgarb the Chiller, an amateur KoIE (D:3)
  4 shadows
  2 vampires
  3 wraiths (D:14)
  6 yaks
  2 wyverns
  2 basilisks
  A steam dragon (D:7)
  7 vampire mosquitoes
  A warg (D:12)
  A water moccasin (D:6)
  4 acid dragons
  10 orc warriors
  An ice beast (shapeshifter) (D:13)
  A sky beast (D:6)
  4 ice beasts (D:7)
  9 ogres
  8 centaurs
  10 kobold brigands
  4 bullfrogs
  A gnoll sergeant (D:9)
  3 scorpions
  3 wights (D:9)
  5 killer bees (D:7)
  3 howler monkeys
  7 hounds
  A gnoll bouda (D:6)
  12 orc priests
  3 jellies
  5 iguanas
  9 orc wizards
  Natasha (thrice) (D:4)
  Robin (D:2)
  19 gnolls
  4 adders
  2 shadow imps
  6 white imps
  A worm (D:5)
  3 dart slugs
  57 orcs
  7 endoplasms
  2 giant cockroaches
  21 goblins
  6 hobgoblins
  4 jackals
  5 quokkas
  6 ball pythons
  6 bats
  2 frilled lizards
  9 kobolds
  6 rats
400 creatures vanquished.

Vanquished Creatures (others)
  2 fungi (D:13)
  49 plants
51 creatures vanquished.

Grand Total: 451 creatures vanquished
